 Dungeon Crawl Stone Soup version 0.31-a0-233-g139696dc86 (webtiles) character file.

Game seed: 7705965310869004962

87183 greasedhog the Warrior (level 15, -4/183 HPs)
             Began as an Ogre Fighter on July 9, 2023.
             Was the Champion of Okawaru.
             Slain by a catoblepas (9 damage)
             ... while petrified by a catoblepas
             ... on level 13 of the Dungeon.
             The game lasted 00:55:42 (24469 turns).

greasedhog the Warrior (Ogre Fighter)              Turns: 24469, Time: 00:55:43

Health: -4/183     AC: 11    Str: 30    XL:     15   Next: 89%
Magic:  0/23       EV:  1    Int: 17    God:    Okawaru [******]
Gold:   1375       SH:  0    Dex: 10    Spells: 14/14 levels left

rFire   + + .        S - +7 giant spiked club "Qenon" {distort, Int+5}
rCold   + . .        (shield currently unavailable)
rNeg    + + +        l - +0 troll leather armour
rPois   ∞            P - +2 hat of the Bear Spirit {Spirit, Bear, *Rage Will++}
rElec   .            J - +2 cloak of Cocytus {rF+}
rCorr   .            (gloves unavailable)
SInv    +            (boots unavailable)
Will    +++..        L - amulet of the acrobat
Stlth   +            U - ring "Udosilai" {Contam rC+ Int+3 Dex+2 SInv}
HPRegen 1.30/turn    I - ring of protection from fire
MPRegen 0.18/turn

%: random rage (20%), acrobat, guardian spirit
@: petrified, on berserk cooldown, slowed, studying Ranged Weapons
A: large, unfitting armour, tough skin 1, hooves 1, mutation resistance 1,
inability to drink after injury 1
a: Renounce Religion, Heroism, Finesse, Duel


You were on level 13 of the Dungeon.
You worshipped Okawaru.
Okawaru was exalted by your worship.
You visited 4 branches of the dungeon, and saw 21 of its levels.
You also visited: Sewer, Bailey and Gauntlet.

You collected 2840 gold pieces.
You spent 1465 gold pieces at shops.

Inventory:

Hand Weapons
 O - a +1 antimagic whip
 S - the +7 giant spiked club "Qenon" (weapon) {distort, Int+5}
   (Okawaru gifted it to you on level 2 of the Lair of Beasts)

   Int:       It affects your intelligence (+5).
 W - a +1 dire flail of holy wrath
Missiles
 o - 16 curare-tipped darts (quivered)
 D - 3 throwing nets
Armour
 l - a +0 troll leather armour (worn)
 J - the +2 cloak of Cocytus (worn) {rF+}
   (You bought it in a shop on level 2 of the Orcish Mines)

   rF:        It protects you from fire.
 P - the +2 hat of the Bear Spirit (worn) {Spirit, Bear, *Rage Will++}
   (You bought it in a shop on level 2 of the Orcish Mines)

   Bear:      Going berserk makes the wearer exceptionally tough, and they are
   slowed for a shorter time afterward.
   *Rage:     It berserks you when you make melee attacks (+20% chance).
   Will:      It greatly increases your willpower.
Jewellery
 m - a ring of positive energy
 I - a ring of protection from fire (right hand)
 L - an amulet of the acrobat (around neck)
 M - a ring of protection from cold
 U - the ring "Udosilai" (left hand) {Contam rC+ Int+3 Dex+2 SInv}
   (You took it off a minotaur in a Gauntlet)

   [ring of protection from cold]

   Int:       It affects your intelligence (+3).
   Dex:       It affects your dexterity (+2).
   rC:        It protects you from cold.
   SInv:      It lets you see invisible.
   Contam:    It causes magical contamination when unequipped.
 V - a +6 ring of strength
 X - a +6 ring of dexterity
 Y - a ring of flight
Wands
 a - a wand of polymorph (11)
 c - a wand of flame (22)
 B - a wand of acid (23)
 F - a wand of roots (20)
 K - a wand of mindburst (8)
Scrolls
 b - 4 scrolls of enchant weapon
 e - 10 scrolls of enchant armour
 f - 5 scrolls of amnesia
 g - 4 scrolls of immolation
 h - 3 scrolls of teleportation
 i - 2 scrolls of fear
 j - 4 scrolls of vulnerability
 t - 3 scrolls of fog
 x - 2 scrolls of silence
 y - a scroll of brand weapon
 A - a scroll of torment {unknown}
 C - a scroll of noise {unknown}
 H - 2 scrolls of blinking
 R - a scroll of acquirement {unknown}
Potions
 d - 6 potions of might
 k - 3 potions of enlightenment
 n - 8 potions of attraction
 p - 2 potions of invisibility
 q - a potion of cancellation
 r - 5 potions of curing
 s - 4 potions of mutation
 u - a potion of lignification
 v - 2 potions of haste {unknown}
 w - 2 potions of berserk rage {unknown}
 z - 2 potions of brilliance
 E - a potion of ambrosia
 G - 2 potions of resistance
 T - a potion of experience {unknown}
Miscellaneous
 Q - a condenser vane


   Skills:
 * Level 20.3 Fighting
 * Level 17.3 Maces & Flails
 - Level 5.0 Armour
 - Level 5.7 Dodging
 - Level 3.0 Shields
 + Level 11.7 Invocations


You had 14 spell levels left.
You didn't know any spells.
Your spell library contained the following spells:

 Spells                   Type           Power      Damage    Failure   Level
 Apportation              Tloc           0%         N/A       26%         1
 Beastly Appendage        Tmut           0%         N/A       26%         1
 Necrotise                Necr           0%         1d4       26%         1
 Ensorcelled Hibernation  Hex/Ice        0%         N/A       36%         2
 Passwall                 Tmut/Erth      0%         N/A       36%         2
 Poisonous Vapours        Pois/Air       0%         N/A       36%         2
 Wereblood                Tmut           0%         N/A       36%         2
 Hailstorm                Conj/Ice       0%         3d3       61%         3
 Inner Flame              Hex/Fire       0%         N/A       61%         3
 Mephitic Cloud           Conj/Pois/Air  0%         N/A       61%         3
 Ozocubu's Armour         Ice            0%         N/A       61%         3
 Spider Form              Tmut/Pois      0%         N/A       61%         3
 Swiftness                Air            0%         N/A       61%         3
 Vampiric Draining        Necr           0%         2d6       61%         3
 Flame Wave               Conj/Fire      0%         2d4       95%         4
 Ice Form                 Ice/Tmut       0%         N/A       95%         4
 Sticky Flame             Conj/Fire      0%         2d3       95%         4
 Agony                    Necr           0%         N/A       100%        5
 Freezing Cloud           Conj/Ice/Air   0%         6-21      100%        5
 Metabolic Englaciation   Hex/Ice        0%         N/A       100%        5
 Summon Small Mammal      Summ           Unusable   N/A       N/A         1
 Simulacrum               Ice/Necr       Unusable   N/A       N/A         6

Dungeon Overview and Level Annotations

Branches:
Dungeon (13/15)            Temple (1/1) D:5            Lair (5/5) D:11
  Swamp (0/4) Lair:3       Spider (0/4) Lair:2        Slime (0/5) Lair:5
    Orc (2/2) D:9             Elf (0/3) Orc:2        Vaults (0/5) D:13
  Sewer (visited)          Bailey (visited)         Gauntlet (visited)

Altars:
Ashenzari
Cheibriados
Dithmenos
Elyvilon
Fedhas
Gozag
Hepliaklqana
Kikubaaqudgha
Makhleb
Nemelex Xobeh
Okawaru
Qazlal
Ru
Sif Muna
Trog
Uskayaw
Vehumet
Wu Jian
Xom
Yredelemnul
Zin
The Shining One

Shops:
D:4 *   D:8 [*   Orc:1 *   Orc:2 [**=

Portals:
Trove: D:12 (show abyssal rune of Zot)

Annotations:
D:6 3 runed translucent doors, knightboat's ghost, novice OgAE
D:7 1 runed translucent door, olddryhag's ghost, novice OpFE


Innate Abilities, Weirdness & Mutations

You are too large for most types of armour.
You have tough skin. (AC +1)
You have large cloven feet.
You are somewhat resistant to further mutation.
You occasionally lose the ability to drink potions when taking damage.


Message History

The skeletal warrior is engulfed in calcifying dust.
The vault guard hits you from afar with a +0 bardiche!
You have turned to stone.
You are engulfed in calcifying dust.
The vault guard hits you from afar with a +0 bardiche.
The catoblepas gores you!!
You are engulfed in calcifying dust.
The catoblepas gores you!!
The vault guard hits you from afar with a +0 bardiche.
You are engulfed in calcifying dust.
The vault guard hits you from afar with a +0 bardiche!
* * * LOW HITPOINT WARNING * * *
The catoblepas breathes a plume of calcifying dust at you.
The blast of calcifying dust hits you.
You are engulfed in calcifying dust.
The vault guard hits you from afar with a +0 bardiche!
* * * LOW HITPOINT WARNING * * *
The catoblepas gores you but does no damage.
The vault guard hits you from afar with a +0 bardiche!
* * * LOW HITPOINT WARNING * * *
The catoblepas gores you but does no damage.
The vault guard hits you from afar with a +0 bardiche!
* * * LOW HITPOINT WARNING * * *
The catoblepas gores you.
The vault guard hits you from afar with a +0 bardiche.
The catoblepas gores you but does no damage.
The skeletal warrior is no longer petrified.
The vault guard hits you from afar with a +0 bardiche!!
* * * LOW HITPOINT WARNING * * *
The skeletal warrior hits you with a +0 long sword!!
* * * LOW HITPOINT WARNING * * *
The catoblepas gores you!!
* * * LOW HITPOINT WARNING * * *
The vault guard hits you from afar with a +0 bardiche.
* * * LOW HITPOINT WARNING * * *
The skeletal warrior hits you but does no damage.
The catoblepas gores you but does no damage.
The vault guard hits you from afar with a +0 bardiche!
* * * LOW HITPOINT WARNING * * *
The catoblepas gores you!!
You die...

####.............
###.............
##.#..##.........
##.....#..........
#......#..(##....
###.........##....
#.$..............^
#.....##.......#
#.....# ##.Y@..##
##...# ##)z)##
#.... ##p## ###.
.... #. #...#.#
..... # ...∩...
.......# #.#...#.#


You could see a catoblepas, a vault guard and a skeletal warrior.

Vanquished Creatures
  Kirke (Lair:3)
  A reaper (Gauntlet)
  A minotaur (Gauntlet)
  A fire dragon (D:11)
  The ghost of Demosthentine the Fighter, a journeyman DsGl of Hepliaklqana (D:12)
  An ettin (Orc:2)
  Harold (D:10)
  4 hydras
  2 vault guards (D:13)
  A catoblepas (Lair:5)
  A two-headed ogre (D:8)
  4 boulder beetles
  A death knight (D:13)
  A demonic crawler (Lair:2)
  A tengu warrior (D:13)
  5 orc high priests (Orc:2)
  Sonja (Lair:5)
  A fire crab (shapeshifter) (D:13)
  A goliath frog (Lair:5)
  A skeletal warrior (D:13)
  4 skysharks
  5 orc knights
  An ugly thing (D:12)
  2 deep elf pyromancers
  An orc sorcerer (Orc:1)
  4 cyclopes (D:13)
  A manticore (D:12)
  4 black mambas
  4 elephants (Lair:4)
  Joseph (D:7)
  2 torpor snails
  A minotaur zombie (Gauntlet)
  2 gargoyles (D:12)
  9 rime drakes
  23 cane toads
  An unseen horror (D:11)
  2 freezing wraiths (D:13)
  A kobold demonologist (D:12)
  13 komodo dragons
  A tengu conjurer (D:13)
  7 trolls
  A hellwing (Gauntlet)
  2 tyrant leeches (Lair:5)
  A meliai (D:13)
  Prince Ribbit (D:5)
  Grinder (D:4)
  36 blink frogs
  6 dream sheep (Lair:3)
  A wraith (D:13)
  49 yaks
  3 slime creatures (D:13)
  3 shadows
  Eustachio (D:5)
  5 wyverns
  3 humans (Lair:3)
  2 basilisks (Lair:3)
  3 chaos spawn (Gauntlet)
  7 steam dragons
  5 neqoxecs
  15 vampire mosquitoes
  6 wargs
  Edmund (D:4)
  11 water moccasins
  4 acid dragons
  A sky beast (D:7)
  38 orc warriors
  An ice beast (D:7)
  2 black bears
  24 wolves
  2 centaurs
  8 ogres
  Blork the orc (D:5)
  24 bullfrogs
  7 kobold brigands (Sewer)
  A gnoll sergeant (D:11)
  9 scorpions
  7 wights
  16 killer bees
  3 howler monkeys
  2 electric eels
  A vampire bat (D:10)
  A lava snake (D:11)
  A jelly (Lair:5)
  5 hounds
  3 quasits (D:12)
  36 orc priests
  3 iguanas
  A gnoll bouda (D:6)
  Ijyb (D:5)
  Terence (D:3)
  17 orc wizards
  A sleepcap (D:6)
  4 hell rats (Lair:1)
  6 gnolls
  8 adders
  3 river rats (Sewer)
  3 white imps
  3 ufetubi (D:5)
  6 worms
  4 dart slugs
  91 orcs
  12 bats
  16 endoplasms
  18 giant cockroaches
  7 goblins
  8 hobgoblins
  9 jackals
  3 quokkas
  15 ball pythons
  2 frilled lizards (D:3)
  19 kobolds
  9 rats
750 creatures vanquished.

Vanquished Creatures (others)
  A two-headed ogre (D:13)
1 creature vanquished.

Grand Total: 751 creatures vanquished

Notes
Turn   | Place    | Note
-------+----------+-------------------------------------------
     0 | D:1      | greasedhog the Ogre Fighter began the quest for the Orb.
     0 | D:1      | Reached XP level 1. HP: 24/24 MP: 1/1
   109 | D:1      | Reached XP level 2. HP: 32/32 MP: 2/2
   340 | D:1      | Found a faded altar of an unknown god.
   671 | D:1      | Reached XP level 3. HP: 34/40 MP: 3/3
  1213 | D:2      | Reached XP level 4. HP: 49/49 MP: 4/4
  1521 | D:2      | Found a shadowy altar of Dithmenos.
  1526 | D:2      | Reached skill level 5 in Fighting
  1758 | D:3      | Found a sacrificial altar of Ru.
  1938 | D:3      | Noticed Terence
  1945 | D:3      | Killed Terence
  1956 | D:3      | Reached XP level 5. HP: 49/57 MP: 5/5
  2000 | D:3      | Found a glowing drain.
  2014 | Sewer    | Entered a sewer
  2055 | Sewer    | Noticed a kobold brigand
  2067 | Sewer    | Killed a kobold brigand
  2109 | Sewer    | Noticed a kobold brigand
  2130 | Sewer    | Killed a kobold brigand
  2131 | Sewer    | Reached skill level 6 in Fighting
  2131 | Sewer    | Reached XP level 6. HP: 19/67 MP: 6/6
  2281 | Sewer    | Reached skill level 5 in Maces & Flails
  2373 | Sewer    | Reached XP level 7. HP: 76/76 MP: 7/7
  2472 | Sewer    | Reached skill level 7 in Fighting
  3594 | D:4      | Reached XP level 8. HP: 75/88 MP: 8/8
  3756 | D:4      | Reached skill level 8 in Fighting
  3797 | D:4      | Noticed Grinder
  3798 | D:4      | Paralysed by Grinder for 4 turns
  3805 | D:4      | Paralysed by Grinder for 2 turns
  3813 | D:4      | Paralysed by Grinder for 2 turns
  3832 | D:4      | Paralysed by Grinder for 2 turns
  3838 | D:4      | Killed Grinder
  3899 | D:4      | Noticed Edmund
  3913 | D:4      | Killed Edmund
  4085 | D:4      | Found Viuhol's General Store.
  4093 | D:4      | Bought a potion of brilliance for 40 gold pieces
  4264 | D:4      | Reached skill level 9 in Fighting
  4300 | D:5      | Entered Level 5 of the Dungeon
  4300 | D:5      | Noticed Prince Ribbit
  4336 | D:5      | Killed Prince Ribbit
  4337 | D:5      | Reached XP level 9. HP: 77/98 MP: 9/9
  4626 | D:5      | Found a staircase to the Ecumenical Temple.
  4645 | Temple   | Entered the Ecumenical Temple
  4939 | Temple   | Became a worshipper of Warmaster Okawaru
  5321 | D:5      | Noticed Blork the orc
  5330 | D:5      | Killed Blork the orc
  5387 | D:5      | Reached skill level 10 in Fighting
  5442 | D:5      | Noticed Ijyb
  5448 | D:5      | Killed Ijyb
  5537 | D:5      | Noticed Eustachio
  5576 | D:5      | Killed Eustachio
  5576 | D:5      | Reached * piety under Okawaru
  6087 | D:6      | Found an opulent altar of Gozag.
  6160 | D:6      | Reached skill level 1 in Armour
  6196 | D:6      | Identified the +0 plate armour of the Devil's Team {Harm
                  | rElec rF-}
  6197 | D:6      | Found a runed translucent gate.
  6197 | D:6      | Found a runed translucent gate.
  6197 | D:6      | Found a runed translucent gate.
  6198 | D:6      | Noticed knightboat's ghost (novice OgAE)
  6707 | D:7      | Found a flagged portal.
  6721 | Bailey   | Entered a bailey
  6907 | Bailey   | Reached skill level 10 in Maces & Flails
  7033 | Bailey   | Identified the +2 kite shield of Intuition {+Inv Int+3}
  7052 | Bailey   | Reached XP level 10. HP: 104/110 MP: 10/10
  7464 | D:7      | You fall into a shaft and drop 1 floor!
  7471 | D:8      | Noticed an angel
  7472 | D:8      | Found Pizyik's Hallowed Reliquary.
  7498 | D:8      | Bought a potion of curing for 45 gold pieces
  7498 | D:8      | Bought a potion of heal wounds for 75 gold pieces
  7498 | D:8      | Bought a potion of curing for 45 gold pieces
  7607 | D:8      | Reached ** piety under Okawaru
  7640 | D:8      | Noticed a two-headed ogre
  7651 | D:8      | Killed a two-headed ogre
  7870 | D:8      | Found Cheibriados's Comfort Zone.
  7872 | D:8      | Found a snail-covered altar of Cheibriados.
  8243 | D:7      | Noticed Joseph
  8252 | D:7      | Killed Joseph
  8252 | D:7      | Reached *** piety under Okawaru
  8253 | D:7      | Reached skill level 5 in Armour
  8403 | D:7      | Found a runed translucent door.
  8404 | D:7      | Noticed olddryhag's ghost (novice OpFE)
  8874 | D:9      | Found a staircase to the Orcish Mines.
  8912 | D:9      | Reached skill level 1 in Invocations
  9131 | D:9      | Reached **** piety under Okawaru
  9518 | D:9      | Reached XP level 11. HP: 97/118 MP: 12/12
  9654 | D:9      | Found a shimmering blue altar of Sif Muna.
  9654 | D:9      | Found an ancient bone altar of Kikubaaqudgha.
  9841 | D:10     | Entered Level 10 of the Dungeon
 10008 | D:9      | HP: 5/118 [killer bee (3)]
 10232 | D:10     | Identified the +9 lajatang of Zihag {venom, Fly rElec rC+}
 10284 | D:10     | Found a sparkling altar of Nemelex Xobeh.
 10642 | D:10     | Noticed Harold
 10651 | D:10     | Reached skill level 5 in Dodging
 10660 | D:10     | Killed Harold
 11110 | D:11     | Found a staircase to the Lair.
 11126 | D:11     | Reached ***** piety under Okawaru
 11251 | D:11     | Noticed a boulder beetle
 11259 | D:11     | Killed a boulder beetle
 11309 | D:11     | Noticed a fire dragon
 11323 | D:11     | Killed a fire dragon
 11516 | D:11     | Found a gate leading to a gauntlet.
 11526 | Gauntlet | Entered a Gauntlet
 11526 | Gauntlet | Found a transporter.
 11526 | Gauntlet | Found a transporter.
 11526 | Gauntlet | Found a transporter.
 11530 | Gauntlet | Found a transporter.
 11530 | Gauntlet | Found a transporter.
 11532 | Gauntlet | Found a transporter.
 11540 | Gauntlet | Found a transporter.
 11544 | Gauntlet | Found a transporter.
 11553 | Gauntlet | Noticed a reaper
 11556 | Gauntlet | Found a transporter.
 11655 | Gauntlet | Found a transporter.
 11659 | Gauntlet | Found a transporter.
 11669 | Gauntlet | Found a transporter.
 11765 | Gauntlet | Reached skill level 11 in Fighting
 11857 | Gauntlet | Paralysed by a chaos spawn for 3 turns
 11995 | Gauntlet | HP: 4/120 [reaper/+1 heavy scythe (37)]
 11996 | Gauntlet | Killed a reaper
 11996 | Gauntlet | Received a gift from Okawaru
 11997 | Gauntlet | Reached skill level 5 in Invocations
 11999 | Gauntlet | Reached XP level 12. HP: 38/132 MP: 9/15
 12083 | Gauntlet | Identified the +2 chain mail "Saedis" {Rampage Dex+6
                  | Slay+6}
 12083 | Gauntlet | Identified the ring "Udosilai" {Contam rC+ Int+3 Dex+2
                  | SInv}
 12083 | Gauntlet | Noticed a minotaur
 12098 | Gauntlet | Killed a minotaur
 12099 | Gauntlet | Reached skill level 12 in Fighting
 12897 | Orc:1    | Entered Level 1 of the Orcish Mines
 12984 | Orc:2    | Entered Level 2 of the Orcish Mines
 13041 | Orc:2    | Noticed an ettin
 13048 | Orc:2    | Killed an ettin
 13302 | Orc:2    | Found a staircase to the Elven Halls.
 13821 | Orc:2    | Reached skill level 13 in Fighting
 13917 | Orc:2    | Noticed an orc high priest
 13977 | Orc:2    | Noticed a soul eater
 13983 | Orc:2    | Killed an orc high priest
 14044 | Orc:2    | Noticed an orc high priest
 14055 | Orc:2    | Killed an orc high priest
 14110 | Orc:2    | Noticed an orc high priest
 14112 | Orc:2    | Noticed a sun demon
 14400 | Orc:2    | Killed an orc high priest
 14458 | Orc:2    | Noticed an orc high priest
 14463 | Orc:2    | Noticed a soul eater
 14468 | Orc:2    | Killed an orc high priest
 14472 | Orc:2    | Noticed an orc high priest
 14573 | Orc:2    | Noticed a soul eater
 14771 | Orc:2    | Noticed a sun demon
 14775 | Orc:2    | Killed an orc high priest
 14776 | Orc:2    | Reached skill level 14 in Fighting
 15048 | Orc:2    | HP: 2/139 [orc priest/divine providence (14)]
 15067 | Orc:2    | Reached XP level 13. HP: 49/148 MP: 10/18
 15260 | Orc:2    | Found Ycicur's Antique Armour Emporium.
 15260 | Orc:2    | Found Duenell's General Store.
 15261 | Orc:2    | Found Fenegh's Assorted Antiques.
 15261 | Orc:2    | Found Xasitt's Jewellery Emporium.
 15274 | Orc:2    | Bought a heavily runed cloak for 199 gold pieces
 15274 | Orc:2    | Identified the +2 cloak of Cocytus {rF+} (You bought it in
                  | a shop on level 2 of the Orcish Mines)
 15275 | Orc:2    | Bought the +2 hat of the Bear Spirit {Spirit, Bear, *Rage
                  | Will++} for 977 gold pieces
 15275 | Orc:2    | Found the +2 hat of the Bear Spirit {Spirit, Bear, *Rage
                  | Will++}
 15503 | Orc:1    | Found Irium's Gadget Gallery.
 15932 | Lair:1   | Entered Level 1 of the Lair of Beasts
 16100 | Lair:1   | Reached skill level 15 in Fighting
 17138 | Lair:2   | Received a gift from Okawaru
 17531 | Lair:2   | Reached skill level 16 in Fighting
 17642 | Lair:2   | HP: 2/152 [demonic crawler (11)]
 17813 | Lair:2   | Reached skill level 15 in Maces & Flails
 18262 | Lair:2   | Reached XP level 14. HP: 163/163 MP: 18/20
 18262 | Lair:2   | Found a hole to the Spider Nest.
 18328 | Lair:2   | Reached ****** piety under Okawaru
 18383 | Lair:2   | Identified the +7 giant spiked club "Qenon" {distort,
                  | Int+5} (Okawaru gifted it to you on level 2 of the Lair of
                  | Beasts)
 18383 | Lair:2   | Received a gift from Okawaru
 18680 | Lair:3   | Noticed Kirke
 18689 | Lair:3   | Killed Kirke
 18707 | Lair:3   | Reached skill level 17 in Fighting
 18721 | Lair:3   | HP: 7/166 [yak (6)]
 18722 | Lair:3   | Gained mutation: You occasionally lose the ability to drink
                  | potions when taking damage. [potion of mutation]
 18722 | Lair:3   | Gained mutation: You have large cloven feet. [potion of
                  | mutation]
 18722 | Lair:3   | Gained mutation: You are somewhat resistant to further
                  | mutation. [potion of mutation]
 18723 | Lair:3   | HP: 2/166 [poisoned by a cane toad]
 19373 | Lair:3   | Received a gift from Okawaru
 19690 | Lair:3   | Reached skill level 10 in Invocations
 19757 | Lair:3   | Found a staircase to the Swamp.
 20079 | Lair:4   | Reached skill level 18 in Fighting
 20137 | Lair:4   | Identified the +7 trident of Subterfuge {heavy, MP-9 Str+2
                  | Dex+4}
 20500 | Lair:4   | Identified the +6 trident of Painful Death {protect, Str+3
                  | Dex+2}
 20766 | Lair:5   | Entered Level 5 of the Lair of Beasts
 21179 | Orc:2    | Bought a potion of curing for 84 gold pieces
 21492 | Lair:5   | Received a gift from Okawaru
 21520 | Lair:4   | Reached XP level 15. HP: 121/178 MP: 18/22
 21632 | Lair:5   | Noticed Sonja
 21641 | Lair:5   | Killed Sonja
 21704 | Lair:5   | Found a staircase to the Slime Pits.
 21722 | Lair:5   | Identified the +3 giant club "Acweuddi" {venom, rC- rCorr
                  | Str+3 Dex+2} (Okawaru gifted it to you on level 5 of the
                  | Lair of Beasts)
 21722 | Lair:5   | Received a gift from Okawaru
 21743 | Lair:5   | Reached skill level 19 in Fighting
 22892 | D:12     | Found a portal to a secret trove of treasure.
 23167 | D:12     | Found a transporter.
 23173 | D:12     | Noticed Demosthentine's ghost (journeyman DsGl)
 23281 | D:12     | Found a transporter.
 23669 | D:12     | Received a gift from Okawaru
 23991 | D:12     | Killed Demosthentine's ghost
 24369 | D:13     | Reached skill level 20 in Fighting
 24430 | D:13     | Found a gate to the Vaults.
 24442 | D:13     | Identified the +2 robe of Taah {rC+ Str+2} (Okawaru gifted
                  | it to you on level 13 of the Dungeon)
 24442 | D:13     | Received a gift from Okawaru
 24468 | D:13     | HP: 9/183 [vault guard/+0 bardiche (3)]
 24469 | D:13     | Slain by a catoblepas

Illustrated notes

Levels and vault maps discovered:
D:1:      ncdulo_halloftheorcs, layout_basic,
          hellmonk_ecumenical_altar_leap_of_faith
D:2:      minmay_roachtagon, layout_basic, basic_altar
D:3:      minmay_thinvault, layout_rooms, nicolae_overflow_crystal_walls,
          portal_sewer_entry_d, serial_forest, infiniplex_forest_clump_C,
          infiniplex_forest_clump_diagonal, infiniplex_forest_end_1,
          infiniplex_forest_clump_small, infiniplex_forest_zigzag_2,
          kennysheep_generic_room_6, uniq_terence
D:4:      black_bear_nest_1, layout_basic, serial_shops,
          nicolae_shop_rolling_square, uniq_grinder, uniq_edmund
D:5:      layout_basic, minmay_temple_entry_sparse_star, uniq_eustachio,
          uniq_ijyb, uniq_prince_ribbit1, uniq_blork_the_orc
D:6:      layout_loops_cross, mainiacjoe_overflow_paths,
          biasface_ghost_orc_armoury
D:7:      layout_basic, enter_bailey_5, gammafunk_ghost_grave, uniq_joseph
D:8:      layout_gridville, minmay_shop_chei, nicolae_good_shop
D:9:      layout_cave_pools, gammafunk_temple_overflow_pools,
          minmay_orc_entry_temple_small
D:10:     layout_irregular_city, nemelex_spade_bored_becter, roderic_batcave,
          minmay_misc_feat_ornament, uniq_harold
D:11:     dragon1_lemuel, layout_stronghold, erik_lair_orcish_takeover,
          gauntlet_entry_generic
D:12:     layout_loops_corners, trove_entry_hex_spiral,
          gammafunk_ghost_stat_death
D:13:     layout_cave_pools, lightli_vaults_fourway_checkpoint
Temple:   minmay_temple_bridge_d
Lair:1:   layout_hall_layers, serial_bayou_shore_b
Lair:2:   layout_loops_ring, nicolae_spider_entry_non_spiders, st_stairs_7,
          beast_lair_carwin_10, grunt_megastairs_2
Lair:3:   layout_big_grid, minmay_swamp_entry_swarm, bobbens_dragon_lair_wall,
          grunt_megastairs_4, uniq_kirke
Lair:4:   layout_hall_layers
Lair:5:   minmay_lair_end_frog_pond, layout_regular_city,
          nicolae_slime_entry_slimehenge, uniq_sonja
Orc:1:    layout_diamond_mine, nicolae_shop_gadgets
Orc:2:    st_orc_pillars, layout_diamond_mine, lightli_orcish_oven

Skill      XL: |  1  2  3  4  5  6  7  8  9 10 11 12 13 14 15 |
---------------+----------------------------------------------+-----
Maces & Flails | 2 3 4 5 6 8 10 11 12 14 15 16 17 | 17.3
Fighting       | 5 6 7 9 10 11 14 16 18 20 | 20.3
Armour         | 3 5 |  5.0
Dodging        | 4 5 |  5.7
Invocations    | 2 5 7 9 10 11 | 11.7
Shields        | |  3.0

Action                     |  1- 3 |  4- 6 |  7- 9 | 10-12 | 13-15 || total
---------------------------+-------+-------+-------+-------+-------++-------
  Melee: Flail             |   131 |   119 |   294 |       |       ||   544
         Dire flail        |       |       |   251 |   783 |   364 ||  1398
         Giant spiked club |       |       |       |    20 |   621 ||   641
         Kick              |       |       |       |       |   130 ||   130
 Invoke: Heroism           |       |       |       |    10 |     3 ||    13
         Finesse           |       |       |       |     4 |     1 ||     5
  Evoke: Wand              |       |       |       |     6 |     4 ||    10
         Condenser vane    |       |       |       |       |     1 ||     1
    Use: Scroll            |       |     2 |     3 |     7 |    12 ||    24
         Potion            |       |       |       |     7 |     9 ||    16
   Stab: Petrifying        |       |       |       |       |     1 ||     1
 Armour: Robe              |    55 |    11 |       |       |       ||    66
         Troll leather arm |       |    39 |   161 |   199 |   353 ||   752
  Dodge: Dodged            |    52 |    42 |   185 |   327 |   669 ||  1275
  Block: Kite shield       |    65 |    39 |    74 |       |       ||   178

Table legend: (Time is in decaauts)
 A = Elapsed time spent in this place.
 B = Non-inter-level travel time spent in this place.
 C = Inter-level travel time spent in this place.
 D = Time resting spent in this place.
 E = Time spent auto-exploring this place.
 F = Levels seen in this place.
 G = Mean time per level.
                   A        B        C        D        E       F      G
               +--------+--------+--------+--------+--------+-----+--------+
         Total |  24481 |  22714 |   1767 |   3857 |  12880 |  24 | 1020.0 |
       Dungeon |  12869 |  11992 |    877 |   1060 |   8300 |  13 |  989.9 |
        Temple |    363 |    223 |    140 |      0 |    212 |   1 |  363.0 |
          Lair |   6655 |   6223 |    432 |   1563 |   2894 |   5 | 1331.0 |
  Orcish Mines |   2932 |   2615 |    317 |    945 |    919 |   2 | 1466.0 |
         Sewer |    730 |    730 |      0 |     91 |    383 |   1 |  730.0 |
        Bailey |    356 |    356 |      0 |     60 |     25 |   1 |  356.0 |
      Gauntlet |    573 |    573 |      0 |    137 |    147 |   1 |  573.0 |
               +--------+--------+--------+--------+--------+-----+--------+

Top non-repeatable levels by time:
   Orc:2: 1635 daAuts
  Lair:3: 1576 daAuts
  Lair:1: 1542 daAuts
  Lair:2: 1349 daAuts
    D:11: 1336 daAuts
  Lair:5: 1302 daAuts
   Orc:1: 1297 daAuts
    D:12: 1274 daAuts
     D:9: 1246 daAuts
     D:5: 1217 daAuts
     D:7: 1129 daAuts
     D:3: 1100 daAuts
     D:1: 965 daAuts
     D:8: 939 daAuts
    D:10: 922 daAuts
